 Dungeon Crawl Stone Soup version 0.26.1-11-gd32895ea62 (webtiles) character file.

Game seed: 15201869472374637437

125448 Revguard the Covert (level 16, -11/84 HPs)
             Began as a Deep Elf Conjurer on May 13, 2021.
             Was an Elder of Sif Muna.
             Mangled by a +1 antimagic dire flail (21 damage)
             ... on level 1 of the Elven Halls on May 14, 2021.
             The game lasted 02:58:13 (31974 turns).

Revguard the Covert (Deep Elf Conjurer)            Turns: 31974, Time: 02:58:14

Health: -11/84     AC: 16    Str:  6    XL:     16   Next: 41%
Magic:  0/44       EV: 20    Int: 34    God:    Sif Muna [****..]
Gold:   1965       SH:  0    Dex: 16    Spells: 8/40 levels left

rFire    + + .     SeeInvis .   q - staff of conjuration
rCold    + . .     Faith    .   (no shield)
rNeg     + . .     Spirit   .   f - +5 leather armour of Beyond {rF+ rN+}
rPois    .         Reflect  .   F - +3 hat of Pondering {ponderous, Will+ MP+10 Int+5}
rElec    .         Harm     .   h - scarf {repulsion}
rCorr    .         Rampage  .   P - +1 pair of gloves
Will     ++++.     Clarity  +   C - +0 pair of boots
Stlth    +++++.....             v - amulet of regeneration
HPRegen  0.64/turn              p - ring of the Mage {Wiz Will++ Int+3}
MPRegen  0.29/turn              i - ring of protection from fire

@: repel missiles, slow
A: iridescent scales 1, clarity, cold resistance 1, deformed body, frail 1
a: Renounce Religion, Channel Magic, Forget Spell, Divine Exegesis


You were on level 1 of the Elven Halls.
You worshipped Sif Muna.
Sif Muna was greatly pleased with you.
You visited 5 branches of the dungeon, and saw 25 of its levels.
You also visited: Ossuary and Volcano.

You collected 2933 gold pieces.
You spent 968 gold pieces at shops.

Inventory:

Hand Weapons
 n - a +0 rapier of freezing
 O - a +1 scimitar of flaming
Armour
 f - the +5 leather armour of Beyond (worn) {rF+ rN+}
   (You found it on level 5 of the Dungeon)

   It protects you from fire.
   It protects you from negative energy.
 h - a scarf of repulsion (worn)
 C - a +0 pair of boots (worn)
 F - the +3 hat of Pondering (worn) {ponderous, Will+ MP+10 Int+5}
   (You took it off Gastronok on level 11 of the Dungeon)

   It affects your intelligence (+5).
   It affects your willpower, your defense against some magical effects.
   It affects your magic capacity (+10).
 P - a +1 pair of gloves (worn)
Magical Staves
 q - an uncursed staff of conjuration (weapon)
Jewellery
 i - a ring of protection from fire (right hand)
 l - an uncursed amulet of reflection
 p - the ring of the Mage (left hand) {Wiz Will++ Int+3}
   (You bought it in a shop on level 2 of the Orcish Mines)

   [ring of wizardry]

   It improves your spell success rate.
   It affects your intelligence (+3).
   It affects your willpower, your defense against some magical effects.
 v - an amulet of regeneration (around neck)
 w - an uncursed ring of flight
 z - an uncursed ring of magical power
 L - an uncursed ring of resist corrosion
Wands
 g - a wand of polymorph (30)
 j - a wand of disintegration (28)
 m - a wand of flame (75)
 u - a wand of paralysis (6)
 y - a wand of acid (9)
 D - a wand of random effects (41)
 E - a wand of iceblast (19)
 I - a wand of enslavement (9)
Scrolls
 a - 7 scrolls of teleportation
 c - 8 scrolls of enchant armour
 k - 8 scrolls of remove curse
 t - 3 scrolls of amnesia
 G - 2 scrolls of fear
 J - 5 scrolls of fog
 M - 2 scrolls of holy word
 N - a scroll of identify
Potions
 d - 3 potions of resistance
 e - 7 potions of curing
 o - 2 potions of might
 r - 5 potions of flight
 s - 2 potions of brilliance
 x - 2 potions of berserk rage
 A - 5 potions of ambrosia
 B - a potion of haste
 H - 2 potions of invisibility
Miscellaneous
 K - a lightning rod (4/4)


   Skills:
 + Level 8.5 Fighting
 - Level 8.9 Short Blades
 + Level 3.8 Staves
 + Level 8.4 Armour
 + Level 11.9 Dodging
 + Level 12.9 Stealth
 + Level 12.8 Spellcasting
 + Level 11.6 Conjurations
 + Level 12.3 Hexes
 - Level 4.9 Translocations
 + Level 7.6 Transmutations
 + Level 5.5 Fire Magic
 - Level 7.8 Invocations
 + Level 5.4 Evocations


You had 8 spell levels left.
You knew the following spells:

 Your Spells              Type           Power        Failure   Level
a - Fireball              Conj/Fire      44%          1%          5
b - Searing Ray           Conj           100%         1%          2
c - Bolt of Magma         Conj/Fire/Erth 37%          3%          5
d - Fulminant Prism       Conj/Hex       50%          1%          4
e - Iskenderun's Mystic   Conj/Tloc      87%          1%          4
f - Yara's Violent Unrav  Hex/Tmut       37%          1%          5
g - Cause Fear            Hex            41%          1%          4
h - Inner Flame           Hex/Fire       70%          1%          3

Your spell library contained the following spells:

 Spells                   Type           Power        Failure   Level
 Corona                   Hex            91%          0%          1
 Magic Dart               Conj           100%         0%          1
 Animate Skeleton         Necr           42%          1%          1
 Foxfire                  Conj/Fire      100%         1%          1
 Pain                     Necr           84%          1%          1
 Blink                    Tloc           N/A          1%          2
 Slow                     Hex            82%          1%          2
 Confusing Touch          Hex            82%          1%          3
 Conjure Flame            Conj/Fire      88%          1%          3
 Dazzling Flash           Conj/Hex       100%         1%          3
 Gell's Gravitas          Tloc           27%          1%          3
 Lesser Beckoning         Tloc           27%          1%          3
 Portal Projectile        Hex/Tloc       100%         1%          3
 Teleport Other           Tloc           54%          1%          3
 Leda's Liquefaction      Hex/Erth       29%          1%          4
 Passage of Golubria      Tloc           N/A          1%          4
 Sticky Flame             Conj/Fire      88%          1%          4
 Petrify                  Tmut/Erth      47%          2%          4
 Metabolic Englaciation   Hex/Ice        29%          2%          5
 Vampiric Draining        Necr           10%          3%          3
 Animate Dead             Necr           10%          12%         4
 Agony                    Necr           21%          30%         5


Dungeon Overview and Level Annotations

Branches:
Dungeon (15/15)            Temple (1/1) D:6            Lair (6/6) D:11
  Swamp (0/4) Lair:3        Snake (0/4) Lair:3        Slime (0/5) Lair:6
    Orc (2/2) D:12            Elf (1/3) Orc:2        Vaults (0/5) D:13
 Depths (0/5) D:15        Ossuary (visited)         Volcano (visited)

Altars:
Ashenzari
Cheibriados
Dithmenos
Elyvilon
Fedhas
Gozag
Hepliaklqana
Kikubaaqudgha
Makhleb
Nemelex Xobeh
Okawaru
Qazlal
Ru
Sif Muna
Trog
Uskayaw
Vehumet
Wu Jian
Xom
Yredelemnul
Zin
The Shining One

Shops:
D:10 *   Orc:2 [=(*


Innate Abilities, Weirdness & Mutations

You are partially covered in iridescent scales. (AC +2)
You possess an exceptional clarity of mind.
Your flesh is cold resistant. (rC+)
Armour fits poorly on your strangely shaped body.
You are frail. (-10% HP)


Message History

The searing ray misses the +1 antimagic dire flail.
The +1 antimagic dire flail hits you.
You feel your power leaking away.
The searing ray hits the +1 antimagic dire flail but does no damage.
The +1 antimagic dire flail is severely damaged.
The +1 antimagic dire flail hits you!!
You feel your power leaking away. The +1 antimagic dire flail misses you.
Casting: Searing Ray (safe; 1% risk of failure)
Confirm with . or Enter, or press ? or * to list all spells.
You don't have enough magic to cast that spell.
The +1 antimagic dire flail hits you!
* * * LOW HITPOINT WARNING * * *
You feel your power leaking away.
You feel better. The +1 antimagic dire flail hits you!!
* * * LOW HITPOINT WARNING * * *
You feel your power leaking away.
The deep elf archer is engulfed in blazing flames.
The +1 antimagic dire flail hits you!!
You die...

... ... ... #e# #§#
#e# ...########)##
...)(..((.>(○########
.##########@....)....
##.#######. #.# #.#
#.# #.# #.# #.# #.#
#.# #... #.# #.#
#...# #######.# #.#
#...
'......)#######.##
#...


You could see a deep elf archer (repels missiles), a deep elf knight (fast) and
a +1 antimagic dire flail.

Vanquished Creatures
  Gastronok (D:11)
  An orc warlord (Orc:2)
  A deep elf demonologist (Elf:1)
  Snorg (Orc:1)
  2 deep elf death magi (Elf:1)
  2 fire dragons
  2 rakshasas (D:15)
  6 hydras
  A boulder beetle (Lair:3)
  10 centaur warriors
  8 two-headed ogres
  6 death yaks (Lair:4)
  4 tengu warriors
  A hell hog (Volcano)
  A dancing weapon (Elf:1)
  7 orc high priests (Orc:2)
  A deep elf knight (Elf:1)
  A sixfirhy (D:7)
  A skeletal warrior (D:13)
  An unseen horror (D:15)
  A glowing orange brain (D:15)
  A lindwurm (Lair:6)
  8 deep elf archers (Elf:1)
  2 wolf spider zombies (D:15)
  3 orc knights
  16 deep elf magi
  7 oklob plants
  A shining eye (shapeshifter) (D:15)
  2 orc sorcerers (Orc:2)
  5 cyclopes
  9 ugly things
  A moth of wrath (shapeshifter) (D:15)
  3 manticores
  14 elephants
  Maurice (D:11)
  7 black mambas
  A spectral centaur (D:14)
  A guardian serpent (Lair:3)
  11 cane toads
  2 gargoyles
  11 centaur skeletons
  5 molten gargoyles
  14 komodo dragons
  An efreet (D:15)
  6 rime drakes
  A kobold demonologist (D:15)
  3 yaktaurs (D:13)
  A freezing wraith (D:11)
  A troll (shapeshifter) (D:13)
  2 polar bears
  7 trolls
  Grinder (D:4)
  3 meliai (D:14)
  A hornet (D:10)
  A blink frog (shapeshifter) (D:15)
  A harpy skeleton (D:14)
  9 blink frogs
  10 slime creatures
  A meliai zombie (D:13)
  2 redbacks (D:13)
  3 shadows
  A vampire (D:13)
  An air elemental (Elf:1)
  49 yaks
  10 fire bats (Volcano)
  5 wraiths
  8 wyverns
  Eustachio (D:4)
  8 basilisks
  Menkaure (D:4)
  A fire elemental (Elf:1)
  2 steam dragons
  4 vampire mosquitoes (D:15)
  3 wargs (Orc:2)
  A large abomination (Elf:1)
  A redback simulacrum (D:15)
  8 hell hounds
  An acid dragon (D:11)
  16 water moccasins
  An ice beast (D:5)
  33 orc warriors
  4 sky beasts
  2 black bears
  14 ogres
  3 phantoms
  17 wolves
  22 centaurs
  4 big kobolds
  19 bullfrogs
  Blork the orc (D:4)
  A gnoll sergeant (D:11)
  A wyvern zombie (D:11)
  4 scorpions
  2 jellies (D:15)
  17 killer bees
  6 wights
  6 howler monkeys
  3 bullfrog zombies
  8 centaur zombies
  10 lava snakes
  4 bullfrog skeletons
  15 orc priests
  7 hounds
  18 orc wizards
  A gnoll shaman (D:6)
  6 iguanas
  Ijyb (D:3)
  10 worker ants
  Terence (D:2)
  6 big kobold zombies (Ossuary)
  6 mummies
  Robin (D:2)
  8 gnolls
  13 adders
  2 shadow imps (D:6)
  5 white imps
  An ufetubus (D:9)
  A worm (D:4)
  8 leopard geckos
  81 orcs
  12 giant cockroaches
  10 hobgoblins
  5 jackals
  19 kobolds
  5 quokkas
  2 ball pythons
  10 bats
  2 frilled lizards (D:2)
  16 goblins
  2 hobgoblin zombies (Ossuary)
  A quokka skeleton (D:4)
  A quokka zombie (D:9)
  10 rats
  A bush (Lair:6)
  11 fulminant prisms
839 creatures vanquished.

Vanquished Creatures (others)
  An unseen horror (D:11)
  A water elemental (Elf:1)
  289 fulminant prisms
  52 fungi
  59 plants
402 creatures vanquished.

Grand Total: 1241 creatures vanquished

Notes
Turn   | Place    | Note
-------+----------+-------------------------------------------
     0 | D:1      | Revguard the Deep Elf Conjurer began the quest for the Orb.
     0 | D:1      | Reached XP level 1. HP: 10/10 MP: 6/6
   341 | D:1      | Reached XP level 2. HP: 15/15 MP: 5/8
   430 | D:1      | Learned a level 2 spell: Searing Ray
   914 | D:2      | Noticed Terence
   930 | D:2      | Killed Terence
   931 | D:2      | Reached skill level 1 in Short Blades
   931 | D:2      | Reached XP level 3. HP: 11/20 MP: 0/9
  1009 | D:2      | Learned a level 3 spell: Dazzling Flash
  1014 | D:2      | Noticed Robin
  1275 | D:2      | Reached skill level 1 in Fighting
  1275 | D:2      | Reached XP level 4. HP: 25/25 MP: 2/11
  1387 | D:2      | Reached skill level 1 in Hexes
  1532 | D:2      | Killed Robin
  1533 | D:2      | Reached skill level 1 in Armour
  1742 | D:2      | Reached XP level 5. HP: 29/29 MP: 12/12
  2028 | D:2      | Reached skill level 5 in Dodging
  2028 | D:2      | Reached skill level 5 in Hexes
  2028 | D:2      | Reached XP level 6. HP: 38/38 MP: 17/17
  2133 | D:3      | Noticed Ijyb
  2137 | D:3      | Killed Ijyb
  2143 | D:3      | Learned a level 4 spell: Fulminant Prism
  2148 | D:3      | Learned a level 4 spell: Iskenderun's Mystic Blast
  2832 | D:4      | Noticed Blork the orc
  2840 | D:4      | Killed Blork the orc
  2841 | D:4      | Reached XP level 7. HP: 42/42 MP: 18/19
  3099 | D:4      | Reached skill level 1 in Evocations
  3118 | D:4      | Noticed Eustachio
  3131 | D:4      | Killed Eustachio
  3256 | D:4      | Found Zin's Purification Station.
  3256 | D:4      | Found a glowing silver altar of Zin.
  3265 | D:4      | Bought a potion of curing for 90 gold pieces
  3309 | D:4      | Noticed Grinder
  3313 | D:4      | Killed Grinder
  3314 | D:4      | Reached XP level 8. HP: 48/48 MP: 20/20
  3360 | D:4      | Found a snail-covered altar of Cheibriados.
  3482 | D:4      | Noticed Menkaure
  3487 | D:4      | Killed Menkaure
  3650 | D:5      | Entered Level 5 of the Dungeon
  3786 | D:5      | Got an ichor-stained leather armour
  3802 | D:5      | Identified the +5 leather armour of Beyond {rF+ rN+} (You
                  | found it on level 5 of the Dungeon)
  4927 | D:6      | Reached XP level 9. HP: 50/52 MP: 19/21
  5050 | D:6      | Reached skill level 1 in Translocations
  5249 | D:6      | Reached skill level 5 in Short Blades
  5280 | D:6      | Found an opulent altar of Gozag.
  5638 | D:6      | Found a staircase to the Ecumenical Temple.
  5647 | Temple   | Entered the Ecumenical Temple
  5840 | Temple   | Became a worshipper of Sif Muna the Loreminder
  6244 | D:6      | Found a burning altar of Makhleb.
  6509 | D:7      | Reached skill level 1 in Invocations
  6521 | D:7      | Reached * piety under Sif Muna
  7082 | D:7      | Noticed a sixfirhy
  7094 | D:7      | Found a runed translucent door.
  7162 | D:7      | Found an ornate altar of the Wu Jian Council.
  7294 | D:7      | Reached XP level 10. HP: 58/58 MP: 23/23
  7793 | D:7      | Killed a sixfirhy
  8079 | D:7      | Gained mutation: Armour fits poorly on your strangely
                  | shaped body. [potion of mutation]
  8079 | D:7      | Gained mutation: You are partially covered in iridescent
                  | scales. (AC +2) [potion of mutation]
  8079 | D:7      | Gained mutation: Your flesh is cold resistant. (rC+)
                  | [potion of mutation]
  8079 | D:7      | Gained mutation: You possess an exceptional clarity of
                  | mind. [potion of mutation]
  8264 | D:8      | Found a sand-covered staircase.
  8273 | Ossuary  | Entered an ossuary
  9313 | D:9      | Reached ** piety under Sif Muna
  9435 | D:9      | Found a shadowy altar of Dithmenos.
 10126 | D:10     | Entered Level 10 of the Dungeon
 10212 | D:10     | Noticed a gargoyle
 10212 | D:10     | Noticed a two-headed ogre
 10218 | D:10     | Killed a two-headed ogre
 10224 | D:10     | Killed a gargoyle
 10260 | D:10     | Reached skill level 5 in Fighting
 10314 | D:10     | Found Zizxepy's Assorted Antiques.
 10382 | D:10     | Reached skill level 5 in Armour
 10543 | D:10     | Reached XP level 11. HP: 56/63 MP: 25/25
 10593 | D:10     | Reached *** piety under Sif Muna
 10701 | D:10     | Noticed a two-headed ogre
 10713 | D:10     | Killed a two-headed ogre
 11204 | D:11     | Noticed Gastronok
 11230 | D:11     | Noticed a seven-headed hydra
 11234 | D:11     | Killed Gastronok
 11396 | D:11     | Killed a seven-headed hydra
 11554 | D:11     | Learned a level 3 spell: Gell's Gravitas
 11781 | D:11     | Found a staircase to the Lair.
 11781 | D:11     | Noticed an oklob plant
 11788 | D:11     | Noticed an oklob plant
 11788 | D:11     | Noticed an oklob plant
 11800 | D:11     | Killed an oklob plant
 11804 | D:11     | Killed an oklob plant
 11925 | D:11     | Killed an oklob plant
 12215 | D:11     | Noticed Maurice
 12302 | D:11     | Killed Maurice
 12328 | D:11     | Noticed a red ugly thing
 12352 | D:11     | Killed an unseen horror
 12357 | D:11     | Killed a red ugly thing
 12358 | D:11     | Reached XP level 12. HP: 48/69 MP: 25/27
 12483 | D:11     | Reached **** piety under Sif Muna
 12555 | D:11     | Noticed a two-headed ogre
 12562 | D:11     | Killed a two-headed ogre
 12606 | D:11     | Learned a level 5 spell: Yara's Violent Unravelling
 12795 | D:12     | Found a blossoming altar of Fedhas.
 12913 | D:12     | Noticed a two-headed ogre
 12923 | D:12     | Killed a two-headed ogre
 12987 | D:12     | Reached skill level 1 in Transmutations
 13051 | D:12     | Found a staircase to the Orcish Mines.
 13394 | D:12     | Reached skill level 5 in Invocations
 14083 | D:13     | Reached skill level 10 in Stealth
 14087 | D:13     | Noticed a two-headed ogre
 14094 | D:13     | Killed a two-headed ogre
 14097 | D:13     | Noticed a two-headed ogre
 14112 | D:13     | Killed a two-headed ogre
 14185 | D:13     | Paralysed by a hornet for 3 turns
 14376 | D:13     | Noticed a centaur warrior
 14379 | D:13     | Killed a centaur warrior
 14380 | D:13     | Reached skill level 10 in Spellcasting
 14508 | D:13     | Noticed a centaur warrior
 14701 | D:13     | Reached ***** piety under Sif Muna
 14710 | D:13     | Reached XP level 13. HP: 42/74 MP: 13/29
 14872 | D:13     | Received a gift from Sif Muna
 15033 | D:13     | Found a gate to the Vaults.
 15086 | D:13     | Learned a level 4 spell: Cause Fear
 15855 | D:14     | Reached skill level 10 in Hexes
 16248 | D:14     | Reached skill level 10 in Conjurations
 16426 | D:14     | Reached skill level 10 in Dodging
 16879 | D:15     | Entered Level 15 of the Dungeon
 17336 | D:15     | Reached XP level 14. HP: 66/80 MP: 31/31
 17836 | D:15     | Reached skill level 5 in Transmutations
 17851 | D:15     | Learned a level 3 spell: Inner Flame
 18502 | D:15     | Reached skill level 1 in Fire Magic
 18601 | D:15     | Found a staircase to the Depths.
 18625 | D:15     | Gained mutation: You are frail. (-10% HP) [a shining eye]
 18917 | Orc:1    | Entered Level 1 of the Orcish Mines
 19245 | Orc:1    | Noticed Snorg
 19262 | Orc:1    | Killed Snorg
 19510 | Orc:2    | Entered Level 2 of the Orcish Mines
 19510 | Orc:2    | Found Egoiha's General Store.
 19511 | Orc:2    | Noticed an orc warlord
 19515 | Orc:2    | Identified Pioluac's Almanac of Fire (Sif Muna gifted it to
                  | you on level 2 of the Orcish Mines)
 19515 | Orc:2    | Received a gift from Sif Muna
 19627 | Orc:2    | Killed an orc warlord
 19653 | Orc:2    | Learned a level 5 spell: Fireball
 19741 | Orc:2    | Found a staircase to the Elven Halls.
 20582 | Orc:2    | Found Seq Weottao's Antique Weapon Boutique.
 20650 | Orc:2    | Found Adiuted's Antique Armour Boutique.
 20667 | Orc:2    | Found Wadawuq's Jewellery Shoppe.
 20675 | Orc:2    | Bought the ring of the Mage {Wiz Will++ Int+3} for 878 gold
                  | pieces
 20675 | Orc:2    | Found the ring of the Mage {Wiz Will++ Int+3}
 20943 | Lair:1   | Entered Level 1 of the Lair of Beasts
 22017 | Lair:2   | Reached XP level 15. HP: 58/78 MP: 2/32
 23397 | Lair:3   | Reached skill level 1 in Staves
 23601 | Lair:3   | Found a staircase to the Snake Pit.
 24077 | Lair:3   | Found a staircase to the Swamp.
 28737 | Lair:6   | Entered Level 6 of the Lair of Beasts
 28781 | Lair:6   | Received a gift from Sif Muna
 29016 | Lair:6   | Found a dark tunnel.
 29027 | Volcano  | Entered a volcano
 29336 | Volcano  | Found a radiant altar of Vehumet.
 29799 | Lair:6   | Found a staircase to the Slime Pits.
 29868 | Lair:6   | Reached XP level 16. HP: 83/83 MP: 20/34
 30245 | Lair:6   | Found a large runed translucent door.
 30246 | Lair:6   | Found a large runed translucent door.
 30353 | Lair:6   | Reached skill level 5 in Fire Magic
 30365 | Lair:6   | Learned a level 5 spell: Bolt of Magma
 31200 | Elf:1    | Entered Level 1 of the Elven Halls
 31269 | Elf:1    | Reached skill level 5 in Evocations
 31974 | Elf:1    | Mangled by a +1 antimagic dire flail

Illustrated notes

Levels and vault maps discovered:
D:1:      dpeg_arrival_prison, layout_loops_ring, chequers_garden
D:2:      layout_rooms, uniq_terence, uniq_robin
D:3:      layout_rooms, kennysheep_generic_room_14, uniq_ijyb
D:4:      layout_cave_pools, zin_purify, nicolae_overflow_crystal_walls,
          kennysheep_generic_room_3, uniq_grinder, uniq_blork_the_orc,
          uniq_eustachio, uniq_menkaure
D:5:      layout_loops_corners
D:6:      layout_basic, grunt_gozag_statues, marbit_many_paths,
          minmay_temple_entry_enclosed_plants, gup_sewer_entry_bowl
D:7:      cheibrodos_shockbox, layout_loops_corners, general_overflow_altar,
          enter_bailey_8
D:8:      layout_basic, gup_ossuary_entry_pyramid
D:9:      layout_loops_cross, kennysheep_mini_moat, grunt_ministairs_10
D:10:     layout_roguey, serial_shops, shop
D:11:     kennysheep_windowed_halls, layout_cave_pools, dpeg_oklobed_lair,
          uniq_maurice, uniq_gastronok
D:12:     layout_stronghold, orc_0_dummy, basic_altar
D:13:     layout_basic, hangedman_vaults_entry_quadrant_bands
D:14:     layout_basic, minmay_misc_feat_tiny, hangedman_weighted_door,
          chequers_serial_rivers_micro_d
D:15:     gammafunk_enter_depths_forms, layout_irregular_city,
          grunt_decor_mini_mirrors
Temple:   eino_temple_scatter_basement
Lair:1:   layout_chaotic_city, grunt_megastairs_5, lemuel_fruit_fields
Lair:2:   layout_chaotic_city
Lair:3:   layout_small_grid, minmay_swamp_entry_reptiles,
          minmay_snake_entry_spellcaster, lemuel_fruit_fields,
          infiniplex_staircase_pool_2, serial_bayou_shore_b,
          minmay_lair_oklob_chamber
Lair:4:   layout_cellular_growth
Lair:5:   layout_cave_pods, beast_lair_carwin_2, grunt_megastairs_2
Lair:6:   cheibrodos_lair_end_hotspot, layout_long_grid, slime_dummy,
          enter_volcano_3
Orc:1:    layout_caves, uniq_snorg
Orc:2:    grunt_orc_gardens, layout_diamond_mine, grunt_orc_garden,
          grunt_orc_garden, grunt_orc_garden, grunt_orc_garden
Elf:1:    elf_arrival_001, layout_gridlike, minmay_elf_necromancy,
          grunt_megastairs_4

Skill      XL: |  1  2  3  4  5  6  7  8  9 10 11 12 13 14 15 16 |
---------------+-------------------------------------------------+-----
Short Blades   | 1 4 5 6 7 8 |  8.9
Stealth        | 3 6 7 8 9 10 11 12 | 12.9
Fighting       | 1 3 4 5 6 7 8 |  8.5
Dodging        | 3 5 6 7 8 9 10 11 | 11.9
Hexes          | 1 5 6 7 8 9 10 11 12 | 12.3
Armour         | 1 3 4 5 6 7 8 |  8.4
Spellcasting   | 6 7 8 9 10 11 12 | 12.8
Conjurations   | 6 7 8 9 10 11 | 11.6
Evocations     | 1 2 4 5 |  5.4
Translocations | 2 3 4 |  4.9
Invocations    | 1 2 4 5 6 7 |  7.8
Transmutations | 2 4 6 7 |  7.6
Fire Magic     | 2 4 5 |  5.5
Staves         | 3 |  3.8

Action                   |  1- 3 |  4- 6 |  7- 9 | 10-12 | 13-15 | 16-18 || total
-------------------------+-------+-------+-------+-------+-------+-------++-------
Melee: Short sword       |     6 |    49 |     8 |       |       |       ||    63
       Rapier            |       |       |    74 |   169 |   127 |       ||   370
       Staff             |       |       |       |       |    26 |     6 ||    32
 Cast: Magic Dart        |    22 |    17 |    47 |    12 |       |       ||    98
       Searing Ray       |     9 |    22 |    43 |    78 |   135 |     6 ||   293
       Fulminant Prism   |       |       |    26 |    87 |   146 |    42 ||   301
       Iskenderun's Myst |       |       |     1 |    28 |   180 |    11 ||   220
       Yara's Violent Un |       |       |       |       |    18 |       ||    18
       Cause Fear        |       |       |       |       |     4 |       ||     4
       Gell's Gravitas   |       |       |       |       |     2 |       ||     2
       Inner Flame       |       |       |       |       |   128 |    21 ||   149
       Fireball          |       |       |       |       |    78 |    16 ||    94
       Bolt of Magma     |       |       |       |       |       |     2 ||     2
Invok: Channel Magic     |       |       |       |     1 |    17 |     2 ||    20
       Forget Spell      |       |       |       |     1 |     2 |       ||     3
Evoke: Wand              |       |       |       |       |    11 |       ||    11
       Lightning rod     |       |       |       |       |     2 |       ||     2
  Use: Scroll            |     4 |     7 |     8 |    12 |    10 |     2 ||    43
       Potion            |     1 |     5 |     3 |     4 |     7 |     3 ||    23
 Stab: Sleeping          |     2 |       |     4 |    14 |     6 |       ||    26
Armor: Leather armour    |     6 |    12 |    41 |   126 |   164 |     8 ||   357
       Skin              |       |       |     7 |       |       |       ||     7
Dodge: Dodged            |    17 |    48 |    84 |   316 |   435 |    35 ||   935
       Repelled          |       |       |     1 |     1 |    17 |     4 ||    23
